 Dungeon Crawl Stone Soup version 0.18.1-48-g4cf74bf (webtiles) character file.

88 nikopol the Skirmisher (level 4, -5/61 HPs)
             Began as a Minotaur Berserker on July 24, 2016.
             Was a Believer of Trog.
             Splashed by an oklob plant's acid (15 damage)
             ... on level 2 of the Dungeon.
             The game lasted 00:02:19 (1166 turns).

nikopol the Skirmisher (Minotaur Berserker)         Turns: 1166, Time: 00:02:19

Health: -5/61      AC:  7    Str: 26    XL:     4   Next: 29%
Magic:  3/3        EV: 12    Int:  4    God:    Trog [**....]
Gold:   71         SH:  0    Dex: 11    Spells: 0 memorised, 3 levels left

rFire  . . .     SeeInvis .     a - +0 spear
rCold  . . .     Gourm    .     g - +0 ring mail
rNeg   . . .     Faith    .     (no shield)
rPois  .         Spirit   .     (helmet restricted)
rElec  .         Dismiss  .     h - +1 cloak
rCorr  .         Reflect  .     (no gloves)
SustAt .         Harm     .     (no boots)
MR     .....                    (no amulet)
Stlth  ..........               (no ring)
                                (no ring)

@: berserking, very quick, not resistant to hostile enchantments, extremely
unstealthy
A: retaliatory headbutt, horns 2
a: Berserk, Trog's Hand, Burn Spellbooks, Renounce Religion


You were on level 2 of the Dungeon.
You worshipped Trog.
Trog was pleased with you.
You were very hungry.

You visited 1 branch of the dungeon, and saw 2 of its levels.

You collected 71 gold pieces.

Inventory:

Hand Weapons
 a - a +0 spear (weapon)
Armour
 b - a +0 animal skin
 g - a +0 ring mail (worn)
 h - a +1 cloak (worn)
Scrolls
 d - 2 scrolls of remove curse {unknown}
 e - 2 scrolls of identify {unknown}
 i - a scroll of noise {unknown}
 j - a scroll of recharging {unknown}
Potions
 k - a potion of magic {unknown}
 l - a potion of cancellation {unknown}
Comestibles
 c - 2 bread rations
 f - 3 meat rations


   Skills:
 + Level 4.4 Fighting
 + Level 4.3 Polearms
 + Level 3.6 Armour
 + Level 2.9 Dodging


You had 3 spell levels left.
You didn't know any spells.

Dungeon Overview and Level Annotations

Branches:
Dungeon (2/15)

Altars:
Fedhas
Sif Muna

Annotations:
D:2 exclusion: oklob plant


Innate Abilities, Weirdness & Mutations

You reflexively headbutt those who attack you in melee.
You have a pair of horns on your head.


Message History

The oklob plant spits acid at you. The splash of acid hits you!
The acid burns!
You hit the oklob plant. You headbutt the oklob plant.
The oklob plant is lightly damaged.
A red film seems to cover your vision as you go berserk!
You feel yourself moving faster!
You feel mighty!
You are feeling very hungry.
The oklob plant spits acid at you. The splash of acid hits you!
The acid burns!
* * * LOW HITPOINT WARNING * * *
You puncture the oklob plant! You headbutt the oklob plant.
The oklob plant is moderately damaged.
You hit the oklob plant but do no damage.
You headbutt the oklob plant, but do no damage.
The oklob plant is moderately damaged.
The oklob plant spits acid at you. The splash of acid hits you!
* * * LOW HITPOINT WARNING * * *
The acid burns!
You die...

#P#P..≈≈≈≈._.≈≈≈≈..P
##PP..≈≈≈≈...≈≈≈≈.PP
#.PP..≈≈≈≈≈.≈≈≈≈≈.P.
#PPPP..≈≈≈≈.≈≈≈≈..PP
#PP##...≈≈≈.≈≈≈..P##
#PPPP#...≈≈.≈≈....PP
#PPP..P#.......###..


##..#PPP#PPPPPP#PPPP #.#@%.%P#P.PPPPPPP#P ##PP%PPP.#.#PPPPPPPP
#PPPP#P.#.PPPPPPP.P. #################### You could see an oklob plant.

Vanquished Creatures
  Crazy Yiuf (D:2)
  3 adders (D:2)
  A worm (D:1)
  A dart slug (D:2)
  3 bats (D:1)
  A goblin (D:1)
  4 hobgoblins
  2 giant newts (D:1)
  10 kobolds
  4 rats
  3 fungi (D:2)
33 creatures vanquished.

Notes
Turn   | Place    | Note
--------------------------------------------------------------
     0 | D:1      | nikopol the Minotaur Berserker began the quest for the Orb.
     0 | D:1      | Reached XP level 1. HP: 19/19 MP: 0/0
   250 | D:1      | Reached XP level 2. HP: 26/27 MP: 1/1
   653 | D:2      | Reached ** piety under Trog
   653 | D:2      | Reached XP level 3. HP: 22/33 MP: 2/2
   861 | D:2      | Noticed Crazy Yiuf
   870 | D:2      | Killed Crazy Yiuf
   870 | D:2      | Reached XP level 4. HP: 14/41 MP: 3/3
  1078 | D:2      | Found a deep blue altar of Sif Muna.
  1103 | D:2      | Found a blossoming altar of Fedhas.
  1126 | D:2      | Noticed an oklob plant
  1166 | D:2      | Splashed by an oklob plant's acid

Skill      XL: |  1  2 |
---------------+-------+-----
Polearms       | 4 |  4.3
Fighting       | 4 |  4.4
Armour         | 3 |  3.6
Dodging        | |  2.9

Action                   |  1- 3 |  4- 6 || total
-------------------------+-------+-------++-------
Melee: Spear             |    79 |    31 ||   110
       Headbutt          |    11 |    16 ||    27
Invok: Berserk           |       |     1 ||     1
 Stab: Sleeping          |     1 |       ||     1
Armor: Ring mail         |     5 |     1 ||     6
       Animal skin       |     3 |       ||     3
Dodge: Dodged            |    31 |     1 ||    32
